 Dungeon Crawl Stone Soup version 0.31.0-11-ge490571c62 (webtiles) character file.

Game seed: 3095658184979984861

35830 Xavori the Carver (level 14, -6/99 HPs)
             Began as a Djinni Chaos Knight on Jan 29, 2024.
             Was a Plaything of Xom.
             Mangled by a redback (8 damage)
             ... summoned by Fannar
             ... on level 1 of the Lair of Beasts.
             The game lasted 00:24:17 (25450 turns).

Xavori the Carver (Djinni Chaos Knight)            Turns: 25450, Time: 00:24:18

Health: -6/99      AC: 14    Str: 11      XL:     14   Next: 20%
Gold:   2052       EV: 14    Int: 18 (19) God:    Xom [*.....] SH:  5 Dex: 13

rFire   + + .        P - +1 long sword (elec)
rCold   + . .        T - +0 buckler
rNeg    . . .        b - +2 leather armour
rPois   ∞            z - +0 hat "Ashript" {Int+2}
rElec   +            K - +2 cloak {Will+}
rCorr   +            r - +0 pair of gloves
SInv    .            (boots unavailable)
Will    ++...        n - amulet of faith
Stlth   +            u - ring of ice
HPRegen 0.36/turn    R - +4 ring of slaying
MPRegen 0.00/turn

%: faith, infuse magic (-7 HP)
@: resistant, flying
A: sickness immunity, fire resistance 2, cold vulnerability 1, float, innate
caster, HP casting, extra vitality 1, iridescent scales 2, clumsy 1, screaming
1, wild magic 1, no potion heal 1, inability to drink after injury 1
a: Renounce Religion


You were on level 1 of the Lair of Beasts.
You worshipped Xom.
You were a special plaything of Xom.
You visited 2 branches of the dungeon, and saw 12 of its levels.
You also visited: Sewer and Gauntlet.

You collected 2052 gold pieces.

Inventory:

Hand Weapons
 o - a +2 triple sword of venom
 P - a +1 long sword of electrocution (weapon)
Missiles
 F - 5 curare-tipped darts (quivered)
Armour
 b - a +2 leather armour (worn)
 r - a +0 pair of gloves (worn)
 z - the +0 hat "Ashript" (worn) {Int+2}
   (You found it in a Gauntlet)

   Int+2:     It affects your intelligence (+2).
 K - a +2 cloak of willpower (worn)
 T - a +0 buckler (worn)
Jewellery
 n - an amulet of faith (around neck)
 p - the ring of Suogusun {^Drain Will+ MP+9 Int+4 Stlth+}
   (Xom gifted it to you on level 1 of the Dungeon)

   [ring of willpower]

   Int+4:     It affects your intelligence (+4).
   Will+:     It increases your willpower.
   MP+9:      It affects your magic capacity (+9).
   ^Drain:    It drains your maximum health when unequipped.
   Stlth+:    It makes you more stealthy.
 u - a ring of ice (left hand)
 w - a ring of protection from fire
 M - a +6 ring of dexterity
 N - a +6 ring of dexterity
 R - a +4 ring of slaying (right hand)
 U - the ring of the Prince {Will+ rCorr Str+2 Int+5 Stlth-}
   (You found it in a Gauntlet)

   [ring of willpower]

   Str+2:     It affects your strength (+2).
   Int+5:     It affects your intelligence (+5).
   Will+:     It increases your willpower.
   rCorr:     It protects you from acid and corrosion.
   Stlth-:    It makes you less stealthy.
 W - a +6 ring of dexterity
Wands
 v - a wand of iceblast (8)
 G - a wand of flame (25)
 L - a wand of mindburst (13)
 O - a wand of paralysis (4)
 X - a wand of polymorph (3)
Scrolls
 c - a scroll of butterflies
 e - a scroll of immolation
 f - 5 scrolls of poison
 i - a scroll of silence
 j - 2 scrolls of enchant weapon
 m - 2 scrolls of vulnerability
 t - 3 scrolls of revelation
 x - 2 scrolls of teleportation
 y - 2 scrolls of fear
 D - 3 scrolls of fog
 Q - 2 scrolls of enchant armour
 Z - a scroll of blinking
Potions
 a - a potion of degeneration {unknown}
 d - 5 potions of lignification
 g - 4 potions of curing
 h - a potion of attraction {unknown}
 k - a potion of ambrosia {unknown}
 l - a potion of heal wounds {unknown}
 q - a potion of invisibility
 s - 4 potions of enlightenment {unknown}
 A - 3 potions of haste {unknown}
 B - a potion of magic {unknown}
 C - 5 potions of resistance
 E - 3 potions of might {unknown}
 H - 2 potions of brilliance {unknown}
 I - 2 potions of berserk rage {unknown}
 J - 3 potions of mutation {unknown}
 S - a potion of experience {unknown}
Miscellaneous
 V - a phantom mirror
 Y - a lightning rod (4/4)


   Skills:
 + Level 8.8 Fighting
 + Level 11.2 Long Blades
 + Level 6.2 Armour
 + Level 8.9 Dodging
 * Level 6.1 Shields
 * Level 6.6 Spellcasting
 * Level 6.6 Conjurations
 * Level 6.6 Hexes
 * Level 6.6 Summonings
 * Level 6.6 Necromancy
 * Level 6.6 Translocations
 * Level 6.6 Fire Magic
 * Level 6.6 Ice Magic
 * Level 6.6 Air Magic
 * Level 6.6 Earth Magic
 * Level 6.6 Alchemy
 * Level 10.0 Evocations


You knew the following spells:

 Your Spells              Type           Power      Damage    Failure   Level
a - Necrotise             Necr           100%       1d9       2%          1
b - Ensorcelled Hibernat  Hex/Ice        100%       N/A       3%          2
c - Call Imp              Summ           78%        N/A       3%          2
d - Gell's Gravitas       Tloc           39%        N/A       6%          3
e - Dispel Undead         Necr           39%        3d16      17%         4
f - Freezing Cloud        Conj/Ice/Air   27%        6-21      43%         5
Your spell library was empty.

Dungeon Overview and Level Annotations

Branches:
Dungeon (11/15)            Temple (0/1) D:4            Lair (1/5) D:9
    Orc (0/2) D:11          Sewer (visited)         Gauntlet (visited)

Altars:
Elyvilon
Fedhas
Gozag
Hepliaklqana
Makhleb
Nemelex Xobeh
Qazlal
Trog
Xom

Shops:
D:9 :

Portals:
Trove: D:10 (give 8 potions of haste)

Annotations:
D:7 1 runed translucent door, Crazy Yiuf
Lair:1 Fannar


Innate Abilities, Weirdness & Mutations

You are immune to sickness and miasma.
You are immune to poison.
Your flesh is very heat resistant. (rF++)
You are vulnerable to cold. (rC-)
You float through the air rather than walking.
You learn spells naturally, not from books.
Your magical power is your life essence.
You have superior vitality. (+4 MHP)
You are mostly covered in iridescent scales. (AC +4)
You are clumsy. (Dex -2)
You occasionally shout uncontrollably at your foes.
Your spells are a little harder to cast, but a little more powerful.
Potions are less effective at restoring your health.
You occasionally lose the ability to drink potions when taking damage.


Message History

Fannar is severely wounded.
The redback bites you but does no damage.
The ice beast closely misses you.
Fannar mumbles some strange words.
Fannar blinks!
The ice beast completely misses you.
The redback bites you but does no damage.
The ice beast closely misses you.
The ice beast hits you but does no damage.
You block the redback's attack.
Unknown command.
Okay, then.
Unknown command.
You slash the ice beast!
The ice beast is moderately wounded.
The redback bites you.
* * * LOW HITPOINT WARNING * * *
The ice beast hits you but does no damage.
You hit the ice beast.
Lightning courses through the ice beast!
You kill the ice beast!
The ice beast disappears in a puff of smoke!
The redback barely misses you. The ice beast misses you.
Unknown command.
The redback barely misses you. Fannar hits you but does no damage.
Fannar freezes you!
* * * LOW HITPOINT WARNING * * *
The redback bites you but does no damage.
You barely miss Fannar.
Fannar is severely wounded.
You hear Xom's avuncular chuckle.
The ice beast flickers and vanishes!
Deactivating autopickup; reactivate with Ctrl-A.
Fannar gestures at you while chanting. The bolt of cold misses you.
The redback bites you.
* * * LOW HITPOINT WARNING * * *
You closely miss Fannar.
Fannar is severely wounded.
The redback bites you!
You die...
Xom chuckles heartily!

.................................
...............>........<........
.................................
.............#.###'##............
............#.......#)...........
.########...#.....[.#............
.## ### #...#.......#.....###.###
..###.###...+.......#......######
.###..##†......e@{!.#.....####P#.
.# #....'.......s...#.....# #[...
.# #...##...#....(..#.....# #...#
.# #....+.....##.####.....# ##.##
.# ######.................# ###
.## ### #.................#######
.P###.###........................
.................................
.................................


You could see Fannar and a redback (summoned).

Vanquished Creatures
  A minotaur (Gauntlet)
  Snorg (D:10)
  2 two-headed ogres
  A thrashing horror (Gauntlet)
  2 death scarabs (Gauntlet)
  Pikel (D:7)
  Maurice (D:7)
  A meliai (D:9)
  A black mamba (Lair:1)
  An elephant (Lair:1)
  Jeremiah (D:7)
  A rime drake (Lair:1)
  7 cane toads (Lair:1)
  3 komodo dragons (Lair:1)
  A troll (D:10)
  4 blink frogs (Lair:1)
  A spectral dream sheep (Gauntlet)
  A spectral black mamba (Gauntlet)
  2 shadows
  2 wyverns
  16 yaks
  A basilisk (Lair:1)
  3 steam dragons
  A warg (D:9)
  2 small abominations (Gauntlet)
  Menkaure (D:6)
  An acid dragon (D:9)
  6 water moccasins
  6 orc warriors
  A swamp drake (D:2)
  A black bear (D:6)
  2 ogres (D:5)
  5 centaurs
  3 wolves
  2 crocodiles
  A phantom (D:5)
  5 kobold brigands
  5 bullfrogs
  A gnoll sergeant (D:10)
  A scorpion (D:5)
  4 wights
  7 killer bees
  6 howler monkeys
  3 bombardier beetles
  4 hounds
  12 orc priests
  3 jellies
  A gnoll bouda (D:9)
  4 iguanas
  A sleepcap (D:6)
  11 orc wizards
  16 gnolls
  15 adders
  A river rat (Sewer)
  3 dart slugs
  6 ribbon worms (Sewer)
  42 orcs
  12 ball pythons
  6 bats
  15 endoplasms
  5 giant cockroaches
  8 goblins
  10 hobgoblins
  11 quokkas
  3 frilled lizards
  19 kobolds
  9 rats
336 creatures vanquished.

Vanquished Creatures (collateral kills)
  A tengu warrior (D:9)
  A manticore (D:11)
  A cane toad (Lair:1)
  An unseen horror (D:9)
  A komodo dragon (Lair:1)
  A troll (D:9)
  5 yaks
  A wraith (D:11)
  An orc warrior (D:9)
  A sky beast (D:7)
  A centaur (D:9)
  A kobold brigand (D:9)
  A wight (D:9)
  A killer bee (D:9)
  A gnoll bouda (D:5)
  An orc wizard (D:9)
  A gnoll (D:5)
  A shadow imp (D:7)
  An orc (D:6)
  A rat (Sewer)
24 creatures vanquished.

Vanquished Creatures (others)
  An orc wizard (D:7)
  An adder zombie (Sewer)
  A bat (D:8)
  A kobold zombie (D:7)
4 creatures vanquished.

Grand Total: 364 creatures vanquished

Notes
Turn   | Place    | Note
-------+----------+-------------------------------------------
     0 | D:1      | Xavori the Djinni Chaos Knight began the quest for the Orb.
     0 | D:1      | Reached XP level 1. HP: 20/20 MP: 0/0
    47 | D:1      | XOM: potion effect (berserk rage)
    53 | D:1      | Reached XP level 2. HP: 25/25 MP: 0/0
    87 | D:1      | Found a faded altar of an unknown god.
   294 | D:1      | Reached skill level 3 in Long Blades
   316 | D:1      | Reached XP level 3. HP: 28/30 MP: 0/0
   316 | D:1      | Learned a level 1 spell: Necrotise
   335 | D:1      | XOM: noise
   852 | D:1      | XOM: silly message
  1016 | D:1      | XOM: potion effect (attraction)
  1021 | D:1      | Reached XP level 4. HP: 8/35 MP: 0/0
  2625 | D:1      | XOM: give mutations
  2625 | D:1      | Gained mutation: You are dopey. (Int -2) [Xom's mischief]
  2625 | D:1      | Gained mutation: You are strong-willed. (Will+) [Xom's
                  | mischief]
  3453 | D:1      | XOM: silly message
  3826 | D:1      | XOM: god gift: +2 triple sword of chaos
  4229 | D:1      | XOM: give mutations
  4229 | D:1      | Gained mutation: You have a somewhat thin skeletal
                  | structure. (Dex +2, Stealth+) [Xom's grace]
  4229 | D:1      | Gained mutation: Your muscles are strong. (Str +4, Int/Dex
                  | -1) [Xom's grace]
  4590 | D:1      | XOM: scenery: create altars
  4871 | D:1      | Identified the ring of Suogusun {^Drain Will+ MP+9 Int+4
                  | Stlth+} (Xom gifted it to you on level 1 of the Dungeon)
  4871 | D:1      | XOM: god gift: ring of Suogusun {^Drain Will+ MP+9 Int+4
                  | Stlth+}
  4905 | D:1      | XOM: cloud trail
  4983 | D:1      | XOM: divination: detect items
  5176 | D:1      | XOM: give mutations
  5176 | D:1      | Gained mutation: You have a pair of small horns on your
                  | head. [Xom's grace]
  5176 | D:1      | Gained mutation: Your muscles are very strong. (Str +8,
                  | Int/Dex -2) [Xom's grace]
  5176 | D:1      | Gained mutation: You possess an exceptional clarity of
                  | mind. [Xom's grace]
  5176 | D:1      | Gained mutation: You have a pair of horns on your head.
                  | [Xom's grace]
  5193 | D:1      | XOM: summons 3 hostile demons
  5742 | D:1      | XOM: stat loss: -1 Int (9/10)
  6297 | D:1      | XOM: give mutations
  6297 | D:1      | Gained mutation: You occasionally shout uncontrollably at
                  | your foes. [Xom's mischief]
  6843 | D:1      | XOM is BORED!
  6843 | D:1      | XOM: give mutations
  6843 | D:1      | Lost mutation: You have a pair of horns on your head.
                  | [Xom's mischief]
  6843 | D:1      | Lost mutation: You have a pair of small horns on your head.
                  | [Xom's mischief]
  7022 | D:1      | XOM: cloud trail
  7132 | D:1      | XOM: divination: magic mapping
  7339 | D:1      | XOM: silly message
  7485 | D:1      | XOM: silly message
  7523 | D:1      | XOM: divination: magic mapping
  7688 | D:1      | XOM: noise
  7778 | D:1      | XOM: silly message
  7820 | D:1      | XOM: silly message
  8307 | D:1      | XOM: silly message
  9011 | D:2      | XOM: chaos upgrade
  9073 | D:2      | a ribbon worm changed into a swamp drake
  9073 | D:2      | Noticed a swamp drake
  9078 | D:2      | Killed a swamp drake
  9079 | D:2      | Reached skill level 1 in Spellcasting
  9079 | D:2      | Reached skill level 1 in Conjurations
  9079 | D:2      | Reached skill level 1 in Hexes
  9079 | D:2      | Reached skill level 1 in Summonings
  9079 | D:2      | Reached skill level 1 in Necromancy
  9079 | D:2      | Reached skill level 1 in Translocations
  9079 | D:2      | Reached skill level 1 in Fire Magic
  9079 | D:2      | Reached skill level 1 in Ice Magic
  9079 | D:2      | Reached skill level 1 in Air Magic
  9079 | D:2      | Reached skill level 1 in Earth Magic
  9079 | D:2      | Reached skill level 1 in Alchemy
  9079 | D:2      | Reached XP level 5. HP: 40/40 MP: 0/0
  9079 | D:2      | Learned a level 2 spell: Ensorcelled Hibernation
  9079 | D:2      | Reached XP level 6. HP: 46/46 MP: 0/0
  9146 | D:2      | XOM: 3-stop teleportation journey
  9556 | D:2      | XOM: summons 4 hostile shadow creatures
  9903 | D:3      | XOM: cast spell 'Disjunction'
  9943 | D:3      | XOM: enchant monster (good)
  9950 | D:3      | XOM: snakes to sticks
  9952 | D:3      | Reached skill level 4 in Long Blades
 10027 | D:3      | XOM: god gift: 1042 gold pieces
 10104 | D:3      | XOM: god gift: 37 gold pieces
 10145 | D:3      | Found a stormy altar of Qazlal.
 10146 | D:3      | Noticed an air elemental
 10148 | D:3      | Noticed a fire elemental
 10148 | D:3      | Noticed a water elemental
 10428 | D:4      | XOM: cast spell 'Metabolic Englaciation'
 10436 | D:4      | XOM: 6-stop teleportation journey
 10437 | D:4      | XOM: 1-stop teleportation journey
 10571 | D:4      | XOM: noise
 10605 | D:4      | Found a bloodstained altar of Trog.
 10860 | D:4      | Reached XP level 7. HP: 48/51 MP: 0/0
 10860 | D:4      | Learned a level 2 spell: Call Imp
 10923 | D:4      | XOM: enchant monster (good)
 10937 | D:4      | XOM: potion effect (brilliance)
 10954 | D:4      | XOM: enchant monster (good)
 11207 | D:4      | XOM: give mutations
 11207 | D:4      | Gained mutation: Your spells are a little harder to cast,
                  | but a little more powerful. [Xom's mischief]
 11207 | D:4      | Lost mutation: You are dopey. (Int -2) [Xom's mischief]
 11207 | D:4      | Lost mutation: Your muscles are very strong. (Str +8,
                  | Int/Dex -2) [Xom's mischief]
 11223 | D:4      | Reached skill level 1 in Evocations
 11353 | D:4      | XOM: god gift: book of Storms
 11362 | D:4      | XOM: god gift: Xom's Volume of Xavori's Bane {god gift}
 11375 | D:4      | Found a staircase to the Ecumenical Temple.
 11484 | D:5      | Entered Level 5 of the Dungeon
 11495 | D:5      | Found a glowing drain.
 11520 | Sewer    | Entered a sewer
 11965 | Sewer    | XOM: cloud trail
 12048 | Sewer    | XOM: summons 3 friendly demons
 12056 | Sewer    | Reached skill level 5 in Long Blades
 12146 | Sewer    | XOM: enchant monster (good)
 12152 | Sewer    | Reached XP level 8. HP: 54/58 MP: 0/0
 12270 | D:5      | XOM: swap monsters
 12275 | D:5      | XOM: draining
 12764 | D:5      | Reached skill level 6 in Long Blades
 12801 | D:5      | Found a hazy altar of Hepliaklqana.
 12990 | D:5      | XOM: enchant monster (bad)
 13207 | D:5      | Found a sparkling altar of Nemelex Xobeh.
 13210 | D:5      | XOM: chaos cloud
 13256 | D:5      | XOM: give mutations
 13256 | D:5      | Lost mutation: You have a somewhat thin skeletal structure.
                  | (Dex +2, Stealth+) [Xom's mischief]
 13256 | D:5      | Lost mutation: Your muscles are strong. (Str +4, Int/Dex
                  | -1) [Xom's mischief]
 13578 | D:6      | XOM: chaos cloud
 13583 | D:6      | XOM: give mutation
 13583 | D:6      | Gained mutation: You are partially covered in iridescent
                  | scales. (AC +2) [Xom's mischief]
 13592 | D:6      | XOM: draining
 13597 | D:6      | Reached XP level 9. HP: 42/60 MP: 0/0
 13597 | D:6      | Learned a level 3 spell: Gell's Gravitas
 13642 | D:6      | XOM: noise
 13669 | D:6      | XOM: potion effect (haste)
 13673 | D:6      | XOM: divination: magic mapping
 13791 | D:6      | XOM: divination: detect creatures
 13850 | D:6      | XOM: silly message
 14027 | D:5      | Reached skill level 5 in Fighting
 14180 | D:6      | XOM: cast spell 'Animate Armour'
 14194 | D:6      | XOM: noise
 14296 | D:6      | XOM: polymorph cerulean imp -> lemure
 14466 | D:6      | XOM: cleaving
 14484 | D:6      | XOM: blink monster(s)
 14492 | D:6      | HP: 3/65 [iguana (7)]
 14725 | D:6      | XOM: summons 3 friendly demons
 14753 | D:6      | Reached skill level 7 in Long Blades
 14937 | D:6      | Found an opulent altar of Gozag.
 15278 | D:7      | Noticed Menkaure
 15292 | D:7      | XOM: enchant monster (good)
 15378 | D:6      | Killed Menkaure
 15384 | D:6      | Reached skill level 5 in Dodging
 15459 | D:7      | XOM: summons friendly crimson imp
 15650 | D:7      | Found a white marble altar of Elyvilon.
 15877 | D:7      | Noticed Maurice
 15881 | D:7      | Maurice stole the ring of Suogusun {^Drain Will+ MP+9 Int+4
                  | Stlth+}
 15882 | D:7      | Maurice stole a +2 triple sword of chaos
 15929 | D:7      | XOM: god gift: metallic blue potion {god gift}
 15972 | D:7      | XOM: summons friendly shadow imp
 15977 | D:7      | Maurice stole 294 gold
 15979 | D:7      | Maurice stole 433 gold
 15980 | D:7      | Maurice stole 584 gold
 16000 | D:7      | XOM: scenery: summon butterflies
 16008 | D:7      | Killed Maurice
 16009 | D:7      | Reached skill level 5 in Evocations
 16009 | D:7      | Reached XP level 10. HP: 43/72 MP: 0/0
 16024 | D:7      | Noticed Jeremiah
 16151 | D:7      | XOM: 1-stop teleportation journey
 16153 | D:7      | XOM: confuse monster(s)
 16155 | D:7      | XOM: cast spell 'Iskenderun's Battlesphere'
 16163 | D:7      | Noticed Pikel
 16165 | D:7      | XOM: swap monsters
 16180 | D:7      | Killed Pikel
 16299 | D:7      | Found a blossoming altar of Fedhas.
 16345 | D:7      | Found a runed translucent door.
 16346 | D:7      | Noticed Crazy Yiuf
 16501 | D:7      | XOM: scenery: create altars
 16531 | D:7      | XOM: smoke on damage
 16561 | D:7      | XOM: summons 3 friendly demons
 16891 | D:7      | XOM: summons friendly shadow imp
 16905 | D:7      | Killed Jeremiah
 17220 | D:7      | XOM: give mutations
 17220 | D:7      | Gained mutation: You are somewhat resistant to further
                  | mutation. [Xom's grace]
 17220 | D:7      | Gained mutation: You are mostly covered in iridescent
                  | scales. (AC +4) [Xom's grace]
 17220 | D:7      | Gained mutation: You are somewhat resistant to both further
                  | mutation and mutation removal. [Xom's grace]
 17249 | D:8      | XOM: summons friendly ufetubus
 17348 | D:7      | XOM: scenery: summon butterflies
 17443 | D:8      | XOM: scenery: summon butterflies
 17464 | D:8      | Identified the +0 cloak of Osien {^Drain Will++}
 17503 | D:8      | Found a burning altar of Makhleb.
 17511 | D:8      | Reached skill level 8 in Long Blades
 17857 | D:8      | XOM: 1-stop teleportation journey
 18222 | D:8      | XOM: cloud trail
 18242 | D:8      | XOM: smoke on damage
 18243 | D:8      | XOM: swap monsters
 18253 | D:8      | XOM: chaos cloud
 18254 | D:8      | XOM: polymorph orc priest -> water moccasin
 18371 | D:8      | XOM: swap monsters
 18488 | D:8      | XOM: summons 2 hostile demons
 18494 | D:8      | XOM: summons 1 hostile shadow creature
 18500 | D:7      | XOM: give mutations
 18500 | D:7      | Lost mutation: You possess an exceptional clarity of mind.
                  | [Xom's mischief]
 18500 | D:7      | Lost mutation: You are somewhat resistant to both further
                  | mutation and mutation removal. [Xom's mischief]
 18500 | D:7      | Gained mutation: Your mind is acute. (Int +4, Str/Dex -1)
                  | [Xom's mischief]
 18500 | D:7      | Gained mutation: Your spells are harder to cast, but more
                  | powerful. [Xom's mischief]
 18924 | D:9      | Found Agon's Book Shoppe.
 18933 | D:9      | XOM: swap monsters
 18954 | D:9      | Identified the +8 hand axe of Berhoduf {protect, rCorr
                  | Int+3}
 19069 | D:9      | XOM: enchant monster (bad)
 19074 | D:9      | Found a staircase to the Lair.
 19074 | D:9      | XOM: 2-stop teleportation journey
 19079 | D:9      | XOM: enchant monster (bad)
 19081 | D:9      | XOM: enchant monster (bad)
 19157 | D:9      | Reached skill level 5 in Armour
 19252 | D:9      | XOM: noise
 19309 | D:9      | Reached XP level 11. HP: 78/78 MP: 0/0
 19309 | D:9      | Learned a level 4 spell: Dispel Undead
 19334 | D:9      | Noticed a tengu warrior
 19344 | D:9      | Killed a tengu warrior
 19348 | D:9      | Reached skill level 5 in Spellcasting
 19348 | D:9      | Reached skill level 5 in Conjurations
 19348 | D:9      | Reached skill level 5 in Hexes
 19348 | D:9      | Reached skill level 5 in Summonings
 19348 | D:9      | Reached skill level 5 in Necromancy
 19348 | D:9      | Reached skill level 5 in Translocations
 19348 | D:9      | Reached skill level 5 in Fire Magic
 19348 | D:9      | Reached skill level 5 in Ice Magic
 19348 | D:9      | Reached skill level 5 in Air Magic
 19348 | D:9      | Reached skill level 5 in Earth Magic
 19348 | D:9      | Reached skill level 5 in Alchemy
 19645 | D:9      | XOM: 9-stop teleportation journey
 19763 | D:9      | XOM: 2-stop teleportation journey
 19888 | D:9      | Noticed a meliai
 19888 | D:9      | XOM: summons 2 friendly demons
 19893 | D:9      | XOM: chaos upgrade
 19896 | D:9      | Killed a meliai
 19897 | D:9      | Reached skill level 9 in Long Blades
 20053 | D:9      | XOM: 9-stop teleportation journey
 20114 | D:9      | XOM: give mutations
 20114 | D:9      | Gained mutation: Potions are less effective at restoring
                  | your health. [Xom's mischief]
 20114 | D:9      | Gained mutation: You are clumsy. (Dex -2) [Xom's mischief]
 20220 | D:9      | XOM: noise
 20258 | D:9      | XOM: confusion
 20601 | D:10     | XOM: stealth player
 20601 | D:10     | Entered Level 10 of the Dungeon
 20611 | D:10     | XOM: fog
 20620 | D:10     | XOM: confuse monster(s)
 20623 | D:10     | XOM: summons 4 friendly demons
 20638 | D:10     | XOM: scenery: summon butterflies
 20981 | D:10     | Noticed Snorg
 20982 | D:10     | XOM: cast spell 'Cause Fear'
 20985 | D:10     | XOM: divination: detect creatures
 20988 | D:10     | Killed Snorg
 20988 | D:10     | Noticed a two-headed ogre
 20993 | D:10     | XOM: summons 2 friendly demons
 20998 | D:10     | Killed a two-headed ogre
 21115 | D:10     | Found a portal to a secret trove of treasure.
 21224 | D:10     | XOM: potion effect (invisibility)
 21398 | D:10     | XOM: summons 9 friendly demons
 21401 | D:10     | XOM: repel stairs
 21405 | D:10     | Reached XP level 12. HP: 68/85 MP: 0/0
 21413 | D:10     | Reached skill level 1 in Shields
 21592 | D:10     | XOM: give mutations
 21592 | D:10     | Gained mutation: You are highly strong-willed. (Will++)
                  | [Xom's mischief]
 21592 | D:10     | Lost mutation: You are highly strong-willed. (Will++)
                  | [Xom's mischief]
 21592 | D:10     | Lost mutation: You are strong-willed. (Will+) [Xom's
                  | mischief]
 21996 | D:11     | Noticed a two-headed ogre
 22006 | D:11     | Killed a two-headed ogre
 22029 | D:11     | Found a gate leading to a gauntlet.
 22037 | D:11     | XOM: smoke on damage
 22038 | D:11     | HP: 3/85 [manticore/volley of spikes (12)]
 22040 | D:11     | XOM: cast spell 'Summon Horrible Things'
 22043 | D:11     | Reached skill level 10 in Long Blades
 22061 | Gauntlet | Entered a Gauntlet
 22061 | Gauntlet | Found a large runed translucent door.
 22061 | Gauntlet | Found a large runed translucent door.
 22061 | Gauntlet | Found a large runed translucent door.
 22061 | Gauntlet | Found a large runed translucent door.
 22061 | Gauntlet | Found a large runed translucent door.
 22061 | Gauntlet | Found a large runed translucent door.
 22061 | Gauntlet | Found a large runed translucent door.
 22061 | Gauntlet | Found a large runed translucent door.
 22061 | Gauntlet | Found a runed translucent door.
 22061 | Gauntlet | Found a runed translucent gate.
 22061 | Gauntlet | Found a transporter.
 22061 | Gauntlet | Found a transporter.
 22061 | Gauntlet | Found a runed translucent gate.
 22061 | Gauntlet | Found a transporter.
 22063 | Gauntlet | Noticed a thrashing horror
 22196 | Gauntlet | XOM: divination: detect items
 22288 | Gauntlet | Found a transporter.
 22289 | Gauntlet | XOM: give mutations
 22289 | Gauntlet | Gained mutation: You occasionally lose the ability to drink
                  | potions when taking damage. [Xom's mischief]
 22289 | Gauntlet | Lost mutation: Your spells are harder to cast, but more
                  | powerful. [Xom's mischief]
 22292 | Gauntlet | Found a transporter.
 22294 | Gauntlet | Noticed a death scarab
 22301 | Gauntlet | Noticed a death scarab
 22302 | Gauntlet | Found a transporter.
 22323 | Gauntlet | Found a transporter.
 22331 | Gauntlet | Found a transporter.
 22337 | Gauntlet | Found a transporter.
 22337 | Gauntlet | Noticed a sixfirhy
 22354 | Gauntlet | Found a transporter.
 22362 | Gauntlet | Found a transporter.
 22366 | Gauntlet | Noticed a fire crab
 22380 | Gauntlet | Found a transporter.
 22384 | Gauntlet | Found a large runed translucent door.
 22384 | Gauntlet | Found a large runed translucent door.
 22385 | Gauntlet | Found a large runed translucent door.
 22385 | Gauntlet | Found a large runed translucent door.
 22386 | Gauntlet | Found a large runed translucent door.
 22386 | Gauntlet | Found a large runed translucent door.
 22386 | Gauntlet | Found a large runed translucent door.
 22386 | Gauntlet | Found a large runed translucent door.
 22387 | Gauntlet | Found a runed translucent door.
 22401 | Gauntlet | Found a runed translucent gate.
 22461 | Gauntlet | XOM: fog
 22492 | Gauntlet | XOM: polymorph cerulean imp -> iron imp
 22506 | Gauntlet | Killed a thrashing horror
 22583 | Gauntlet | Identified the ring of the Prince {Will+ rCorr Str+2 Int+5
                  | Stlth-}
 22598 | Gauntlet | XOM: swap monsters
 22601 | Gauntlet | Killed a death scarab
 22609 | Gauntlet | XOM: polymorph cerulean imp -> shadow imp
 22627 | Gauntlet | XOM: confusion
 22631 | Gauntlet | XOM: enchant monster (bad)
 22636 | Gauntlet | XOM: fog
 22637 | Gauntlet | Killed a death scarab
 22647 | Gauntlet | Identified the +0 hat "Ashript" {Int+2}
 22875 | Gauntlet | Noticed a minotaur
 22886 | Gauntlet | Killed a minotaur
 22955 | D:11     | XOM: torment (44/86 hp)
 23132 | D:11     | XOM: divination: detect creatures
 23400 | D:11     | Found a staircase to the Orcish Mines.
 23405 | D:11     | XOM: enchant monster (bad)
 23418 | D:11     | XOM: chaos upgrade
 23436 | D:10     | XOM: stat loss: -1 Str (9/10)
 23474 | D:10     | XOM: stat loss: -1 Int (22/23)
 23485 | D:10     | XOM: give mutations
 23485 | D:10     | Lost mutation: Your mind is acute. (Int +4, Str/Dex -1)
                  | [Xom's mischief]
 23485 | D:10     | Lost mutation: You are somewhat resistant to further
                  | mutation. [Xom's mischief]
 23497 | D:11     | XOM: confusion
 23801 | D:11     | XOM: stat loss: -1 Dex (18/19)
 23928 | Lair:1   | Entered Level 1 of the Lair of Beasts
 24063 | Lair:1   | XOM: enchant monster (bad)
 24217 | Lair:1   | XOM: potion effect (experience)
 24217 | Lair:1   | Reached skill level 5 in Shields
 24217 | Lair:1   | Reached XP level 13. HP: 93/93 MP: 0/0
 24217 | Lair:1   | Learned a level 5 spell: Freezing Cloud
 24336 | Lair:1   | XOM: potion effect (heal wounds)
 24338 | Lair:1   | XOM: potion effect (brilliance)
 24351 | Lair:1   | XOM: potion effect (might)
 24352 | Lair:1   | XOM: potion effect (haste)
 24395 | Lair:1   | XOM: potion effect (haste)
 24397 | Lair:1   | XOM: noise
 24402 | Lair:1   | Reached skill level 11 in Long Blades
 24446 | Lair:1   | Reached XP level 14. HP: 83/99 MP: 0/0
 24460 | Lair:1   | XOM: 4-stop teleportation journey
 24578 | Lair:1   | XOM: stat loss: -1 Dex (18/19)
 24583 | Lair:1   | XOM: noise
 24756 | Lair:1   | XOM: noise
 25035 | Lair:1   | XOM: 2-stop teleportation journey
 25043 | Lair:1   | XOM: cast spell 'Summon Dragon'
 25067 | Lair:1   | Reached skill level 10 in Evocations
 25113 | Lair:1   | XOM: god gift: 52 gold pieces
 25197 | Lair:1   | XOM: divination: magic mapping
 25424 | Lair:1   | Noticed Fannar
 25437 | Lair:1   | XOM: stat loss: -1 Int (18/19)
 25440 | Lair:1   | XOM: polymorph ice beast -> redback
 25448 | Lair:1   | HP: 4/99 [Fannar/staff of cold (7)]
 25449 | Lair:1   | XOM: enchant monster (bad)
 25450 | Lair:1   | Mangled by a redback

Illustrated notes

Levels and vault maps discovered:
D:1:      ldierk_walled_garden, layout_basic,
          hellmonk_ecumenical_altar_slurped_away
D:2:      minmay_angry_zag, layout_basic
D:3:      layout_basic, nicolae_qazlal_style_of_elements
D:4:      layout_loops_ring, mainiacjoe_overflow_small_starburst,
          mainiacjoe_overflow_alcove_2, minmay_temple_entry_tees
D:5:      layout_loops_ring, vehumet_altar_wand_db, nemelex_dance_club_becter,
          mainiacjoe_overflow_six_doors_small, gup_sewer_entry_pipe,
          nrook_loot_triangle
D:6:      layout_basic, nicolae_gozag_seed_capital
D:7:      layout_loops_ring, kennysheep_little_box, elyvilon_altar_1,
          minmay_misc_feat_pillars, uniq_menkaure, uniq_pikel, uniq_jeremiah,
          uniq_maurice, uniq_crazy_yiuf_cottage
D:8:      layout_layer_cave, makhleb_blood_cavern_becter,
          minmay_misc_feat_enclosed
D:9:      minmay_bloctagon, layout_basic, erik_lair_orcish_takeover,
          serial_shops, shop_coins
D:10:     layout_stronghold, enter_trove_1, hex_large, uniq_snorg
D:11:     layout_long_grid, david_orc_5, gauntlet_entry_generic
Lair:1:   layout_regular_city, nzn_random_ring, uniq_fannar

Skill      XL: |  1  2  3  4  5  6  7  8  9 10 11 12 13 14 |
---------------+-------------------------------------------+-----
Long Blades    | 3 4 5 6 7 8 9 10 11 | 11.2
Armour         | 3 4 5 6 |  6.2
Spellcasting   | 1 2 3 4 5 6 |  6.6
Conjurations   | 1 2 3 4 5 6 |  6.6
Hexes          | 1 2 3 4 5 6 |  6.6
Summonings     | 1 2 3 4 5 6 |  6.6
Necromancy     | 1 2 3 4 5 6 |  6.6
Translocations | 1 2 3 4 5 6 |  6.6
Fire Magic     | 1 2 3 4 5 6 |  6.6
Ice Magic      | 1 2 3 4 5 6 |  6.6
Air Magic      | 1 2 3 4 5 6 |  6.6
Earth Magic    | 1 2 3 4 5 6 |  6.6
Alchemy        | 1 2 3 4 5 6 |  6.6
Dodging        | 3 4 5 6 7 8 |  8.9
Evocations     | 2 3 5 6 7 9 10 | 10.0
Fighting       | 4 5 6 7 8 |  8.8
Shields        | 5 6 |  6.1

Action                     |  1- 3 |  4- 6 |  7- 9 | 10-12 | 13-15 || total
---------------------------+-------+-------+-------+-------+-------++-------
  Melee: Falchion          |    98 |   212 |   497 |   191 |       ||   998
         Punch             |     1 |     4 |     9 |     7 |       ||    21
         Long sword        |       |       |       |   278 |   128 ||   406
   Cast: Call Imp          |       |       |    14 |    10 |       ||    24
         Gell's Gravitas   |       |       |       |    38 |       ||    38
  Evoke: Wand              |       |       |     1 |     7 |     1 ||     9
    Use: Scroll            |       |     7 |     5 |     7 |     2 ||    21
         Potion            |       |       |       |     7 |     1 ||     8
   Stab: Petrified         |       |     5 |     5 |       |       ||    10
         Sleeping          |       |     4 |     4 |       |       ||     8
         Paralysed         |       |     2 |       |       |     1 ||     3
         Distracted        |       |       |     2 |     4 |       ||     6
         Confused          |       |       |     4 |     6 |       ||    10
         Invisible         |       |       |       |     8 |       ||     8
 Armour: Leather armour    |    80 |   135 |   312 |   351 |    73 ||   951
  Dodge: Dodged            |    84 |   110 |   295 |   425 |    74 ||   988
  Block: Buckler           |       |       |       |    56 |    25 ||    81
